 Dungeon Crawl Stone Soup version 0.31-a0-175-g9f7f995f2b (webtiles) character file.

Game seed: 2078968547794805471

172 qw the Shooter (level 5, -2/32 HPs)
             Began as a Gargoyle Hunter on June 17, 2023.
             Killed by divine providence
             ... invoked by an orc priest
              (13 damage)
             ... on level 4 of the Dungeon.
             The game lasted 00:00:55 (1949 turns).

qw the Shooter (Gargoyle Hunter)                    Turns: 1949, Time: 00:00:56

Health: -2/32      AC: 10    Str: 14    XL:     5   Next: 53%
Magic:  5/5        EV: 11    Int: 10    God:
Gold:   87         SH:  0    Dex: 15    Spells: 4/4 levels left

rFire   . . .        Y - +0 shortbow
rCold   . . .        (shield currently unavailable)
rNeg    + . .        c - +0 leather armour
rPois   inf          i - +0 helmet
rElec   +            (no cloak)
rCorr   .            b - +0 pair of gloves
SInv    .            g - +0 pair of boots
Will    .....        (no amulet)
Stlth   ++           (no ring)
HPRegen 0.25/turn    (no ring)
MPRegen 0.09/turn

%: no passive effects
@: no status effects
A: sickness immunity, AC +4, negative energy resistance 1, electricity
resistance, torment resistance 1, petrification resistance
a: no special abilities


You were on level 4 of the Dungeon.
You visited 1 branch of the dungeon, and saw 4 of its levels.

You collected 87 gold pieces.


Innate Abilities, Weirdness & Mutations

You are immune to sickness and miasma.
Your stone body is resilient. (AC +4)
You are immune to poison.
You resist negative energy. (rN+)
You are resistant to electric shocks. (rElec)
You are resistant to unholy torment.
You are immune to petrification.


   Skills:
 + Level 3.5 Fighting
 - Level 6.0 Ranged Weapons
 - Level 1.0 Armour
 - Level 1.5 Dodging
 - Level 1.1 Stealth


You had 4 spell levels left.
You didn't know any spells.
Your spell library was empty.

Inventory:

Hand Weapons
 Y - a +0 shortbow (weapon)
Armour
 b - a +0 pair of gloves (worn)
 c - a +0 leather armour (worn)
 g - a +0 pair of boots (worn)
 i - a +0 helmet (worn)
Scrolls
 a - 2 scrolls of identify
Potions
 d - 3 potions of curing
 e - 2 potions of enlightenment
 j - a potion of mutation {unknown}

Dungeon Overview and Level Annotations

Branches:
Dungeon (4/15)
 Temple: D:4-7

Altars:


Message History

You now have 87 gold pieces (gained 7).
An orc comes into view.
It is wielding a +1 hand axe of electrocution.
You shoot an arrow. The arrow hits the orc.
The orc shouts!
The orc is heavily wounded.
You hear a shout!
An orc comes into view. It is wielding a +0 flail.
An orc priest comes into view. It is wielding a +0 dagger.
You shoot an arrow. The orc shouts!
The arrow hits the orc.
The orc is almost dead.
You shoot an arrow. The arrow hits the orc.
You kill the orc!
You shoot an arrow. The arrow hits the orc.
The orc is heavily wounded.
You shoot an arrow.
The arrow hits the orc but does no damage.
The orc is heavily wounded.
The orc priest calls upon Beogh to heal the orc.
The orc's wounds heal themselves!
You shoot an arrow. The arrow barely misses the orc.
The arrow completely misses the orc priest.
You shoot an arrow. The arrow closely misses the orc.
The arrow hits the orc priest.
The orc priest is heavily wounded.
You shoot an arrow. The arrow hits the orc!
You kill the orc!
The orc priest invokes the aid of Beogh against you.
Beogh smites you!
The orc priest invokes the aid of Beogh against you.
Beogh smites you!
You shoot an arrow. The arrow hits the orc priest.
The orc priest is severely wounded.
You shoot an arrow.
The arrow hits the orc priest but does no damage.
The orc priest is severely wounded.
The orc priest calls down the wrath of Beogh upon you.
Beogh smites you!
You die...

#....##.#.#
##...##.#.#
#...##.#.#
#..###.#.#
##..##.#.#
##......#
####...######
#..........
#.@..#####.
#o)..#
......#
........#
...)...##.#
....... .#
....... ##
.......


You could see an orc priest.

Vanquished Creatures
  An orc priest (D:4)
  5 adders
  4 worms (D:2)
  4 dart slugs
  8 orcs
  5 ball pythons
  6 bats
  5 endoplasms
  4 giant cockroaches
  5 goblins
  6 hobgoblins
  9 kobolds
  2 quokkas
  2 frilled lizards (D:1)
  5 rats
71 creatures vanquished.

Notes
Turn   | Place    | Note
-------+----------+-------------------------------------------
     0 | D:1      | qw the Gargoyle Hunter began the quest for the Orb.
     0 | D:1      | Reached XP level 1. HP: 12/12 MP: 1/1
     0 | D:1      | 0 ||| qw: Version: 0.3-a-2-g5ab2908
     0 | D:1      | 0 ||| qw: Game counter: 246
     0 | D:1      | 0 ||| qw: Always use a shield: true
     0 | D:1      | 0 ||| qw: God list: Okawaru
     0 | D:1      | 0 ||| qw: Allow faded altars: false
     0 | D:1      | 0 ||| qw: Do Orc after D:15 true
     0 | D:1      | 0 ||| qw: Do second Lair branch before Depths: true
     0 | D:1      | 0 ||| qw: Lair rune preference: random
     0 | D:1      | 0 ||| qw: Plans: Normal, Zot:1-4, Slime:5, God:TSO, Crypt,
                  | Tomb, Abyss, Pan, Hells, Win
     0 | D:1      | 0 ||| PLANNING D:1-11
   203 | D:1      | Reached XP level 2. HP: 16/17 MP: 2/2
   397 | D:1      | Reached XP level 3. HP: 21/21 MP: 3/3
   434 | D:1      | Reached skill level 5 in Ranged Weapons
   727 | D:1      | 727 ||| READING scroll labelled PUYRUISOFRO.
   728 | D:1      | 728 ||| READING scroll labelled XESUEMOYCO.
   729 | D:1      | 729 ||| READING scroll labelled GULOILYNARR.
   730 | D:1      | 730 ||| DROPPING scroll of butterflies.
   887 | D:2      | Reached skill level 3 in Fighting
   887 | D:2      | Reached XP level 4. HP: 25/28 MP: 4/4
  1332 | D:2      | 1332 ||| UPGRADING to +0 pair of boots.
  1337 | D:2      | 1337 ||| UPGRADING to +0 helmet.
  1342 | D:2      | 1342 ||| READING 3 scrolls labelled RUP MEERCHUO.
  1343 | D:2      | 1343 ||| READING scroll labelled OROISTUCWIA.
  1344 | D:2      | 1344 ||| READING scroll labelled GUASHR ZYREAST.
  1349 | D:2      | 1349 ||| DRINKING 2 bubbling clear potions.
  1350 | D:2      | 1350 ||| READING 2 scrolls of identify.
  1350 | D:2      | 1350 ||| IDENTIFYING sapphire potion
  1498 | D:3      | Reached skill level 1 in Armour
  1726 | D:3      | Reached XP level 5. HP: 32/32 MP: 5/5
  1851 | D:3      | 1851 ||| UPGRADING to +0 pair of gloves.
  1856 | D:3      | 1856 ||| READING 2 scrolls of identify.
  1856 | D:3      | 1856 ||| IDENTIFYING yellow potion
  1857 | D:3      | 1857 ||| DROPPING potion of berserk rage.
  1874 | D:4      | Reached skill level 6 in Ranged Weapons
  1876 | D:4      | 1876 ||| STAIRDANCE
  1949 | D:4      | Killed from afar by an orc priest

Levels and vault maps discovered:
D:1:      eino_arrival_water_cross, layout_basic
D:2:      layout_loops_ring, minmay_small_reverse_x
D:3:      layout_basic
D:4:      layout_basic, minmay_temple_entry_proselytizer,
          nicolae_shop_overcharged_wands, uniq_sigmund, uniq_crazy_yiuf_cottage,
          uniq_grinder

Skill      XL: |  1  2  3  4  5 |
---------------+----------------+-----
Ranged Weapons | 5 6 |  6.0
Fighting       | 3 |  3.5
Armour         | 1 |  1.0
Dodging        | |  1.5
Stealth        | |  1.1

Action                     |  1- 3 |  4- 6 || total
---------------------------+-------+-------++-------
   Fire: Shortbow          |   117 |   105 ||   222
    Use: Scroll            |     3 |     5 ||     8
         Potion            |       |     1 ||     1
 Armour: Leather armour    |    18 |     9 ||    27
  Dodge: Dodged            |    24 |    16 ||    40

Table legend:
 A = Non-vault XP
 B = Vault XP
 C = Vault XP percentage of total XP
 D = Non-vault monster count
 E = Vault monster count
 F = Vault count percentage of total count
                 A         B        C        D         E       F
            +---------+---------+-------+---------+---------+-------
      Total |     224 |      23 |   9.3 |      67 |       4 |   5.6
            +---------+---------+-------+---------+---------+-------
        D:1 |      54 |       0 |   0.0 |      31 |       0 |   0.0
        D:2 |      64 |      23 |  26.4 |      17 |       4 |  19.0
        D:3 |      30 |       0 |   0.0 |      10 |       0 |   0.0
        D:4 |      76 |       0 |   0.0 |       9 |       0 |   0.0
            +---------+---------+-------+---------+---------+-------
